 Dungeon Crawl Stone Soup version 0.29.0-10-g45618ea6d2 (webtiles) character file.

Game seed: 6979529590787167768

149 browni3141 the Trooper (level 5, -4/53 HPs)
             Began as an Ogre Enchanter on Sept 1, 2022.
             Slain by an iguana (13 damage)
             ... on level 4 of the Dungeon.
             The game lasted 00:04:46 (4154 turns).

browni3141 the Trooper (Ogre Enchanter)             Turns: 4154, Time: 00:04:46

Health: -4/53      AC:  3    Str: 14    XL:     5   Next: 31%
Magic:  8/8        EV:  9    Int: 16    God:
Gold:   136        SH:  0    Dex:  9    Spells: 8/8 levels left

rFire   . . .      SeeInvis .   r - +3 short sword
rCold   . . .      Faith    .   (no shield)
rNeg    . . .      Spirit   .   b - +0 robe
rPois   .          Reflect  .   (helmet restricted)
rElec   .          Harm     .   (no cloak)
rCorr   .          Rampage  .   (gloves unavailable)
Will    .....                   (boots unavailable)
Stlth   ++........              (no amulet)
HPRegen 0.17/turn               (no ring)
MPRegen 0.11/turn               (no ring)

@: no status effects
A: large, unfitting armour, tough skin 1
a: no special abilities


You were on level 4 of the Dungeon.
You visited 1 branch of the dungeon, and saw 4 of its levels.

You collected 136 gold pieces.


Innate Abilities, Weirdness & Mutations

You are too large for most types of armour.
You have tough skin. (AC +1)


   Skills:
 - Level 3.0 Fighting
 - Level 0.8 Short Blades
 - Level 3.0 Maces & Flails
 * Level 2.2 Throwing
 - Level 1.7 Dodging
 - Level 2.1 Stealth
 - Level 2.4 Spellcasting
 - Level 2.6 Hexes


You had 8 spell levels left.
You didn't know any spells.
Your spell library contained the following spells:

 Spells                   Type           Power      Damage    Failure   Level
 Ensorcelled Hibernation  Hex/Ice        12%        N/A       17%         2
 Magic Dart               Conj           4%         1d3       21%         1
 Confusing Touch          Hex            10%        N/A       21%         3
 Tukima's Dance           Hex            10%        N/A       21%         3
 Call Imp                 Summ           1%         N/A       30%         2
 Dazzling Flash           Conj/Hex       12%        N/A       34%         3
 Mephitic Cloud           Conj/Pois/Air  1%         N/A       52%         3

Inventory:

Hand Weapons
 a - a +1 dagger
 h - a +0 club
 n - a +0 whip
 r - a +3 short sword (weapon)
Missiles
 i - 9 stones (quivered) {@f1}
Armour
 b - a +0 robe (worn)
 m - a +0 tower shield
Scrolls
 e - a scroll of amnesia {unknown}
 f - a scroll of enchant armour {unknown}
 g - 3 scrolls of blinking {@r3}
 k - a scroll of teleportation {@r4}
 l - 2 scrolls of immolation {!r}
 o - 2 scrolls of magic mapping
 s - a scroll of identify {@r1}
 t - a scroll of fear {unknown}
Potions
 c - 3 potions of invisibility
 d - 2 potions of degeneration {unknown}
 p - a potion of heal wounds {unknown}
 q - a potion of curing {unknown}

Dungeon Overview and Level Annotations

Branches:
Dungeon (4/15)
 Temple: D:4-7

Altars:
Ashenzari

Annotations:
D:4 exclusion: ice beast

## ## #. .#
##. .#
..####.###.##
##
#.#..@...?...
..
#.#.##l######
.####
#...##.#
####......
#......#
#.........
###.####
#.##..##..
##.## #.#
.... #...#
#.# ....
#...# #.# .Y#
#...# #.# ..


You could see an iguana.


Message History

You hit the iguana but do no damage.
The iguana is heavily wounded.
The iguana bites you.
You hit the iguana.
The iguana is heavily wounded.
The iguana looks more healthy.
The iguana bites you but does no damage.
The iguana bites you!
* * * LOW HITPOINT WARNING * * *
You hit the iguana.
The iguana is severely wounded.
The iguana bites you.
* * * LOW HITPOINT WARNING * * *
You closely miss the iguana.
The iguana is severely wounded.
The iguana bites you but does no damage.
You hit the iguana.
The iguana is severely wounded.
The iguana barely misses you.
You hit the iguana.
The iguana is almost dead.
The iguana barely misses you.
You barely miss the iguana.
The iguana is almost dead.
The iguana bites you.
* * * LOW HITPOINT WARNING * * *
You barely miss the iguana.
The iguana is almost dead.
The iguana bites you!
You die...

Skill      XL: |  1  2  3  4 |
---------------+-------------+-----
Fighting       | 2 3 |  3.0
Maces & Flails | 1 2 3 |  3.0
Throwing       | 2 |  2.2
Short Blades   | |  0.8
Dodging        | |  1.7
Stealth        | |  2.1
Spellcasting   | |  2.4
Hexes          | |  2.6

Action                   |  1- 3 |  4- 6 || total
-------------------------+-------+-------++-------
Melee: Dagger            |    15 |       ||    15
       Club              |    81 |       ||    81
       Whip              |    73 |       ||    73
       Short sword       |     4 |    67 ||    71
       Punch             |     1 |       ||     1
Throw: Dart              |    15 |    13 ||    28
       Stone             |     2 |     1 ||     3
  Use: Scroll            |     3 |     2 ||     5
 Stab: Sleeping          |       |     2 ||     2
Armor: Robe              |    73 |    12 ||    85
Dodge: Dodged            |   103 |    27 ||   130

Levels and vault maps discovered:
D:1:      dpeg_arrival_lava_altar, layout_loops_ring
D:2:      layout_basic, minmay_stone_trees_small
D:3:      layout_basic, ebering_ecumenical_altar_abandoned
D:4:      layout_loops_cross, mainiacjoe_overflow_alcove_1

Notes
Turn   | Place    | Note
-------+----------+-------------------------------------------
     0 | D:1      | browni3141 the Ogre Enchanter began the quest for the Orb.
     0 | D:1      | Reached XP level 1. HP: 16/16 MP: 3/3
    38 | D:1      | Reached skill level 1 in Fighting
   450 | D:1      | Reached skill level 2 in Fighting
   454 | D:1      | Reached XP level 2. HP: 21/28 MP: 5/5
   991 | D:1      | Reached skill level 1 in Maces & Flails
  1276 | D:1      | Reached XP level 3. HP: 36/36 MP: 6/6
  1467 | D:1      | Found a broken altar of Ashenzari.
  1770 | D:2      | Reached skill level 3 in Fighting
  2471 | D:2      | Reached skill level 2 in Maces & Flails
  2548 | D:2      | Reached XP level 4. HP: 41/45 MP: 7/7
  3600 | D:3      | Found a faded altar of an unknown god.
  4061 | D:4      | Noticed a scorpion
  4071 | D:4      | Killed a scorpion
  4072 | D:4      | Reached skill level 3 in Maces & Flails
  4072 | D:4      | Reached skill level 2 in Throwing
  4072 | D:4      | Reached XP level 5. HP: 53/53 MP: 8/8
  4104 | D:4      | Noticed an ice beast
  4154 | D:4      | Slain by an iguana

Vanquished Creatures
  A scorpion (D:4)
  3 adders (D:2)
  2 worms
  5 orcs (D:3)
  4 bats
  3 endoplasms (D:1)
  3 giant cockroaches
  5 goblins
  3 hobgoblins
  4 jackals (D:1)
  10 kobolds
  A quokka (D:4)
  6 ball pythons
  A frilled lizard (D:2)
  3 rats
54 creatures vanquished.

Table legend: (Time is in decaauts)
 A = Elapsed time spent in this place.
 B = Non-inter-level travel time spent in this place.
 C = Inter-level travel time spent in this place.
 D = Time resting spent in this place.
 E = Time spent auto-exploring this place.
 F = Levels seen in this place.
 G = Mean time per level.
                   A        B        C        D        E       F      G
               +--------+--------+--------+--------+--------+-----+--------+
         Total |   4176 |   4016 |    160 |    184 |   3190 |   4 | 1044.0 |
       Dungeon |   4176 |   4016 |    160 |    184 |   3190 |   4 | 1044.0 |
               +--------+--------+--------+--------+--------+-----+--------+

Top non-repeatable levels by time:
     D:1: 1589 daAuts
     D:2: 1485 daAuts
     D:3: 994 daAuts
     D:4: 107 daAuts

Table legend:
 A = Non-vault XP
 B = Vault XP
 C = Vault XP percentage of total XP
 D = Non-vault monster count
 E = Vault monster count
 F = Vault count percentage of total count
                 A         B        C        D         E       F
            +---------+---------+-------+---------+---------+-------
      Total |     214 |       0 |   0.0 |      54 |       0 |   0.0
            +---------+---------+-------+---------+---------+-------
        D:1 |      35 |       0 |   0.0 |      20 |       0 |   0.0
        D:2 |      65 |       0 |   0.0 |      18 |       0 |   0.0
        D:3 |      30 |       0 |   0.0 |      13 |       0 |   0.0
        D:4 |      84 |       0 |   0.0 |       3 |       0 |   0.0
            +---------+---------+-------+---------+---------+-------
